 Dungeon Crawl Stone Soup version 0.19-a0-585-ge40200b (webtiles) character file.

14 HarleyM the Conjurer (level 2, 0/15 HPs)
             Began as a Deep Elf Conjurer on June 10, 2016.
             Slain by a kobold
             ... wielding a +0 whip
              (5 damage)
             ... on level 1 of the Dungeon.
             The game lasted 00:06:57 (678 turns).

HarleyM the Conjurer (Deep Elf Conjurer)             Turns: 678, Time: 00:06:57

Health: 0/15       AC:  2    Str:  5    XL:     2   Next: 31%
Magic:  1/8        EV: 13    Int: 19    God:
Gold:   12         SH:  0    Dex: 15    Spells: 1 memorised, 6 levels left

rFire  . . .     SeeInvis .     h - +0 club
rCold  . . .     Gourm    .     a - +0 robe
rNeg   . . .     Faith    .     (no shield)
rPois  .         Spirit   .     (no helmet)
rElec  .         Dismiss  .     (no cloak)
rCorr  .         Reflect  .     (no gloves)
SustAt .         Harm     .     (no boots)
MR     .....                    (no amulet)
Stlth  ++........               (no ring)
                                (no ring)

@: not resistant to hostile enchantments, unstealthy
A: no striking features
a: no special abilities


You were on level 1 of the Dungeon.
You were not hungry.

You visited 1 branch of the dungeon, and saw 1 of its levels.

You collected 12 gold pieces.

Inventory:

Hand Weapons
 h - a +0 club (weapon)
 j - a +0 whip
 l - a +0 hunting sling
 m - a +0 hunting sling
 o - a +0 dagger
Missiles
 k - 35 arrows
 n - 26 stones (quivered)
Armour
 a - a +0 robe (worn)
 g - a +0 ring mail
 q - a cursed +0 robe
Jewellery
 e - an uncursed amulet of regeneration {unknown}
Scrolls
 s - a scroll of identify {unknown}
Potions
 d - a potion of ambrosia {unknown}
 f - a potion of lignification {unknown}
 i - a potion of haste {unknown}
Books
 b - a book of Conjurations

   Spells                             Type                      Level
   a - Magic Dart                     Conjuration                  1
   b - Searing Ray                    Conjuration                  2
   c - Dazzling Spray                 Conjuration/Hexes            3
   d - Fulminant Prism                Conjuration/Hexes            4
   e - Iskenderun's Mystic Blast      Conjuration                  4
   f - Iskenderun's Battlesphere      Conjuration/Charms           5
Comestibles
 c - a bread ration
 p - an inedible chunk of flesh
 r - 2 chunks of flesh


   Skills:
 - Level 2.4 Dodging
 - Level 2.4 Stealth
 - Level 3.0 Spellcasting
 + Level 5.1 Conjurations


You had 6 spell levels left.
You knew the following spells:

 Your Spells              Type           Power        Failure   Level  Hunger
a - Magic Dart            Conj           ###.         1%          1    None


Dungeon Overview and Level Annotations

Branches:
Dungeon (1/15)

Altars:


Message History

You closely miss the bat.
The bat is moderately wounded.
The bat misses you. The bat hits you. x2
You closely miss the bat.
The bat is moderately wounded.
The bat barely misses you. The bat hits you but does no damage.
You closely miss the bat.
The bat is moderately wounded.
The bat barely misses you.
You hit the bat.
You kill the bat!
The kobold hits you but does no damage.
You closely miss the kobold. The kobold hits you with a whip.
Casting: Magic Dart
Confirm with . or Enter, or press ? or * to list all spells.
Aiming: Magic Dart
Press: ? - help, Shift-Dir - straight line, f/p - hobgoblin
Aim: a hobgoblin, wielding a club (severely wounded)
The magic dart hits the kobold.
The kobold hits you with a whip.
You die...

..................>........#
#
######.......##.........####
# #.(................# #
#...g....#.........# #
#........#.........#
#........##.......##
########g##.......# ##
#K##.......# #. #@##.......#
#. #..........## #.
####........# #. #......#.#
#. #......#.# #. #......#.#
#. #......#.# #. #......#.#
#. ########.#####.


You could see a hobgoblin and a kobold.

Vanquished Creatures
  2 goblins (D:1)
  A hobgoblin (D:1)
  2 jackals (D:1)
  2 kobolds (D:1)
  4 bats (D:1)
  A giant newt (D:1)
  2 rats (D:1)
14 creatures vanquished.

Notes
Turn   | Place    | Note
--------------------------------------------------------------
     0 | D:1      | HarleyM the Deep Elf Conjurer began the quest for the Orb.
     0 | D:1      | Reached XP level 1. HP: 10/10 MP: 6/6
   354 | D:1      | Reached XP level 2. HP: 15/15 MP: 5/8
   497 | D:1      | Reached skill level 5 in Conjurations
   678 | D:1      | Slain by a kobold

Vault maps used:
D:1:      lightli_arrival_noodles

Skill      XL: |  1  2 |
---------------+-------+-----
Conjurations   | 5 |  5.1
Dodging        | |  2.4
Stealth        | |  2.4
Spellcasting   | |  3.0

Action                   || total
-------------------------++-------
Melee: Unarmed           ||    13
       Club              ||    10
 Cast: Magic Dart        ||    31
Armor: Robe              ||     7
Dodge: Dodged            ||    24
